 Dungeon Crawl Stone Soup version 0.27.1-1-g398f81649c (webtiles) character file.

Game seed: 5381314156183682012

8562 DoubleLucky the Warrior (level 11, -28/114 HPs)
             Began as a Minotaur Berserker on Sept 6, 2021.
             Was a Priest of Trog.
             Killed from afar by a frost giant (47 damage)
             ... with a bolt of cold
             ... on level 10 of the Dungeon.
             The game lasted 01:05:43 (9437 turns).

DoubleLucky the Warrior (Minotaur Berserker)        Turns: 9437, Time: 01:05:44

Health: -28/114    AC: 11    Str: 25    XL:     11   Next: 11%
Magic:  10/10      EV: 10    Int:  4    God:    Trog [***...]
Gold:   594        SH:  0    Dex: 10    Spells: 10/10 levels left

rFire    . . .     SeeInvis .   r - +4 war axe
rCold    . . .     Faith    .   (no shield)
rNeg     . . .     Spirit   .   f - +0 scale mail
rPois    .         Reflect  .   (helmet restricted)
rElec    .         Harm     .   B - +1 cloak
rCorr    .         Rampage  .   j - +0 pair of gloves
Will     .....                  (no boots)
Stlth    ..........             p - amulet of regeneration
HPRegen  1.29/turn              t - ring of flight
MPRegen  0.12/turn              (no ring)

@: flying
A: horns 2, retaliatory headbutt
a: Renounce Religion, Berserk, Trog's Hand


You were on level 10 of the Dungeon.
You worshipped Trog.
Trog was most pleased with you.
You visited 1 branch of the dungeon, and saw 10 of its levels.
You also visited: Sewer.

You collected 758 gold pieces.
You spent 164 gold pieces at shops.

Inventory:

Hand Weapons
 r - a +4 war axe (weapon)
 z - a +2 trident of flaming
 L - a +0 short sword
Missiles
 d - 12 poisoned darts
 n - 158 stones (quivered)
 x - 3 datura-tipped darts
 y - 7 atropa-tipped darts
 K - 2 curare-tipped darts
 N - 2 boomerangs
Armour
 f - a +0 scale mail (worn)
 j - a +0 pair of gloves (worn)
 B - a +1 cloak (worn)
Jewellery
 b - a ring of ice
 p - an amulet of regeneration (around neck)
 t - a ring of flight (left hand)
 J - an amulet of the acrobat
Wands
 s - a wand of digging (5)
 F - a wand of paralysis (7)
Scrolls
 a - a scroll of holy word
 u - a scroll of torment
 w - a scroll of silence
 A - a scroll of enchant weapon {unknown}
 C - 4 scrolls of teleportation
 H - a scroll of magic mapping
Potions
 c - 2 potions of haste
 e - 5 potions of curing
 g - a potion of mutation {unknown}
 h - a potion of cancellation
 i - 3 potions of heal wounds
 l - 2 potions of resistance {unknown}
 m - 2 potions of ambrosia
 q - a potion of brilliance {unknown}
Miscellaneous
 M - a phial of floods (inert)


   Skills:
 + Level 15.9 Fighting
 - Level 10.0 Axes
 - Level 7.0 Armour
 - Level 2.1 Dodging
 + Level 3.2 Evocations


You had 10 spell levels left.
You didn't know any spells.
Your spell library was empty.

Dungeon Overview and Level Annotations

Branches:
Dungeon (10/15)            Temple (0/1) D:7            Lair (0/6) D:10
  Sewer (visited)
    Orc: D:9-12

Altars:
Dithmenos
Fedhas
Nemelex Xobeh
Sif Muna
Uskayaw
Xom
Zin
The Shining One
Jiyva

Shops:
D:3 (   D:4 =[:   D:8 ?

Annotations:
D:10 3 runed translucent doors, knorpule3000's ghost, journeyman HuMo


Innate Abilities, Weirdness & Mutations

You have a pair of horns on your head.
You reflexively headbutt those who attack you in melee.


Message History

Something completely misses you.
You hit the orc wizard.
You headbutt the orc wizard, but do no damage.
The orc wizard is lightly wounded.
You hit something. Something hits you but does no damage.
Something hits you but does no damage.
There is a large open door here.
Something hits you but does no damage.
You barely miss something. You headbutt something!
Something hits you but does no damage.
You hit something. You headbutt something. You hit the frost giant.
You slash the orc wizard! Something hits you but does no damage.
The frost giant hits you with a +1 battleaxe of freezing.
The frost giant freezes you. Something hits you! Something hits you!
The orc wizard casts a spell at you.
You easily resist.
The orc wizard gestures at you while chanting.
The magic dart hits something.
Something hits you but does no damage. Something hits you but does no damage.
Something hits you.
The frost giant gestures at you while chanting.
The bolt of cold hits you!!
* * * LOW HITPOINT WARNING * * *
Press: ? - help, v - describe, . - travel
Here: a frost giant, wielding a +1 battleaxe of freezing (water, lightly wounded) Some deep water.
Okay, then.
Unknown command.
Unknown command.
As you read the scroll of fog, it crumbles to dust.
The scroll dissolves into smoke.
The frost giant points at you and mumbles some strange words.
The bolt of cold misses you.
The frost giant points at you and mumbles some strange words.
The bolt of cold hits you!
* * * LOW HITPOINT WARNING * * *
The frost giant gestures at you while chanting.
The bolt of cold hits you!!!
You die...

§§...≈≈§#....# # .≈≈._.≈≈.##...#
# .≈≈..§§§.##...# ##
.≈.≈≈≈.≈.##...#######.
.≈.....≈.##...........
########.§≈≈≈≈≈..##...........
........#########.............
..............................
.............@...............P
########.....############...P. #.
#######.....#..........#....P
#..##≈≈≈≈##.....#..........#.....
#..#≈≈≈≈≈≈#§.§.C#..........#.....
#..≈≈≈<>≈≈§§§§§.#..........#.....
..≈≈≈...o≈≈§§§§.#####......######
.≈≈≈.8..8{§§§§§§....#####........
.≈≈8##''##8§§§§§...##...##....)†.


You could see a frost giant.

Vanquished Creatures
  A fire dragon (D:9)
  Erolcha (D:10)
  2 two-headed ogres (D:10)
  Nergalle (D:10)
  A gargoyle (D:10)
  Psyche (D:9)
  Sigmund (D:4)
  An acid dragon (D:7)
  A water moccasin (D:8)
  Duvessa (D:7)
  Purgy (Sewer)
  2 ice beasts
  A sky beast (D:7)
  A necrophage (D:8)
  3 black bears (D:10)
  6 centaurs
  2 ogres
  2 phantoms
  2 kobold brigands
  3 bullfrogs
  A gnoll sergeant (D:10)
  4 scorpions
  Dowan (D:7)
  8 killer bees (D:9)
  10 wights
  A howler monkey (D:7)
  4 electric eels
  4 centaur zombies
  3 hounds
  A bullfrog zombie (D:4)
  5 jellies
  4 orc priests
  2 gnoll shamans
  A centaur skeleton (D:6)
  Jessica (D:3)
  A scorpion zombie (D:5)
  An iguana (D:6)
  4 orc wizards
  Terence (D:3)
  2 killer bee zombies (D:7)
  A hound skeleton (D:4)
  A howler monkey zombie (D:9)
  16 gnolls
  A howler monkey skeleton (D:5)
  A river rat (D:3)
  4 adders
  An ufetubus (D:6)
  2 worms (D:3)
  A dart slug (D:2)
  32 orcs
  2 endoplasms
  6 giant cockroaches
  7 goblins
  2 hobgoblins
  6 jackals
  11 kobolds
  4 quokkas
  8 ball pythons
  6 bats
  2 frilled lizards
  5 rats
212 creatures vanquished.

Vanquished Creatures (others)
  40 fungi (D:10)
  37 plants
77 creatures vanquished.

Grand Total: 289 creatures vanquished

Notes
Turn   | Place    | Note
-------+----------+-------------------------------------------
     0 | D:1      | DoubleLucky the Minotaur Berserker began the quest for the
                  | Orb.
     0 | D:1      | Reached XP level 1. HP: 19/19 MP: 0/0
   252 | D:1      | Reached skill level 4 in Fighting
   385 | D:1      | Reached XP level 2. HP: 19/27 MP: 1/1
   883 | D:2      | Reached ** piety under Trog
  1005 | D:2      | Reached XP level 3. HP: 34/34 MP: 2/2
  1103 | D:2      | Found a faded altar of an unknown god.
  1901 | D:3      | Found Loarostri's Antique Weapon Emporium.
  1918 | D:3      | Noticed Terence
  1924 | D:3      | Killed Terence
  1925 | D:3      | Reached skill level 5 in Fighting
  1925 | D:3      | Reached skill level 5 in Axes
  1925 | D:3      | Reached XP level 4. HP: 42/42 MP: 3/3
  2030 | D:3      | Noticed Jessica
  2035 | D:3      | Killed Jessica
  2399 | D:3      | Reached XP level 5. HP: 29/48 MP: 4/4
  2425 | D:3      | Found a glowing drain.
  2429 | Sewer    | Entered a sewer
  2712 | Sewer    | Noticed Purgy
  2722 | Sewer    | Killed Purgy
  2723 | Sewer    | Reached skill level 6 in Fighting
  2938 | D:3      | Found a shadowy altar of Dithmenos.
  2938 | D:3      | Found a shimmering altar of Xom.
  3019 | D:3      | Found a sparkling altar of Nemelex Xobeh.
  3320 | D:4      | Reached XP level 6. HP: 55/57 MP: 5/5
  3414 | D:4      | Found Mecruif's Book Shop.
  3622 | D:4      | Found Tunun's Armour Shoppe.
  3640 | D:4      | Noticed Sigmund
  3682 | D:4      | Killed Sigmund
  3683 | D:4      | Reached skill level 7 in Fighting
  3683 | D:4      | Reached XP level 7. HP: 58/66 MP: 6/6
  4266 | D:4      | Found Onuog's Jewellery Shop.
  4560 | D:5      | Entered Level 5 of the Dungeon
  4730 | D:5      | Reached skill level 8 in Fighting
  5293 | D:6      | Reached XP level 8. HP: 75/75 MP: 7/7
  5324 | D:6      | Found a hide-covered altar of Uskayaw.
  5345 | D:6      | Reached skill level 9 in Fighting
  5846 | D:6      | Reached skill level 10 in Fighting
  6196 | D:7      | Reached skill level 11 in Fighting
  6331 | D:7      | Reached XP level 9. HP: 89/89 MP: 8/8
  6439 | D:7      | Found a staircase to the Ecumenical Temple.
  6510 | D:7      | Reached *** piety under Trog
  6535 | D:7      | Noticed Dowan
  6535 | D:7      | Noticed Duvessa
  6551 | D:7      | Killed Dowan
  6552 | D:7      | Reached skill level 5 in Armour
  6607 | D:7      | Killed Duvessa
  6608 | D:7      | Reached skill level 12 in Fighting
  7016 | D:8      | Found Lafal's Magic Scroll Boutique.
  7026 | D:8      | Bought a scroll of identify for 22 gold pieces
  7026 | D:8      | Bought a scroll of identify for 22 gold pieces
  7026 | D:8      | Bought a scroll of blinking for 82 gold pieces
  7026 | D:8      | Bought a scroll of magic mapping for 38 gold pieces
  7396 | D:8      | Found a glowing silver altar of Zin.
  7718 | D:9      | Found a glowing golden altar of the Shining One.
  7741 | D:9      | Reached skill level 13 in Fighting
  7851 | D:9      | Reached skill level 10 in Axes
  7906 | D:9      | Found a shimmering blue altar of Sif Muna.
  8175 | D:9      | Noticed a fire dragon
  8245 | D:9      | Killed a fire dragon
  8246 | D:9      | Reached XP level 10. HP: 102/102 MP: 9/9
  8542 | D:10     | Entered Level 10 of the Dungeon
  8542 | D:10     | Noticed Psyche
  8548 | D:10     | Noticed a two-headed ogre
  8555 | D:9      | Killed Psyche
  8556 | D:9      | Reached skill level 14 in Fighting
  8817 | D:10     | Noticed Erolcha
  8826 | D:10     | Killed Erolcha
  8864 | D:10     | Killed a two-headed ogre
  8865 | D:10     | Reached skill level 15 in Fighting
  8957 | D:10     | Found a runed translucent gate.
  8962 | D:10     | Found a runed translucent gate.
  8963 | D:10     | Found a runed translucent gate.
  8965 | D:10     | Found a viscous altar of Jiyva.
  8965 | D:10     | Noticed knorpule3000's ghost (journeyman HuMo)
  8988 | D:10     | Found a staircase to the Lair.
  8988 | D:10     | Noticed a two-headed ogre
  9004 | D:10     | Killed a two-headed ogre
  9005 | D:10     | Reached skill level 1 in Evocations
  9044 | D:10     | Noticed a gargoyle
  9060 | D:10     | Killed a gargoyle
  9063 | D:10     | Reached XP level 11. HP: 80/114 MP: 10/10
  9101 | D:10     | Reached **** piety under Trog
  9243 | D:10     | Noticed Nergalle
  9263 | D:10     | Noticed a spectral orc warlord
  9264 | D:10     | Killed Nergalle
  9351 | D:10     | Found a blossoming altar of Fedhas.
  9409 | D:10     | Noticed a frost giant
  9437 | D:10     | Killed from afar by a frost giant

Illustrated notes

Levels and vault maps discovered:
D:1:      nzn_arrival_depleted_hourglass, layout_rooms
D:2:      layout_basic, chequers_ecumenical_altar_island
D:3:      layout_loops_cross, nemelex_spade_bored_becter, minitemple,
          serial_shops, shop, gup_sewer_entry_spiral,
          chequers_serial_rivers_small_3, serial_bayou_pond_d,
          chequers_serial_rivers_marsh, uniq_jessica, uniq_terence
D:4:      layout_rooms, serial_shops, nicolae_shop_waterfront,
          nicolae_lakefront_shop, shop, minmay_distorted, uniq_sigmund
D:5:      layout_loops_ring
D:6:      layout_basic, nicolae_uskayaw_dance_hall, roderic_lattice_a
D:7:      layout_loops_ring, minmay_temple_entry_statues_pillars, serial_glass,
          glass_columns_b, glass_columns_a, glass_columns_b, glass_columns_b,
          glass_columns_a, glass_columns_c, glass_columns_b, glass_columns_b,
          glass_columns_c, glass_columns_a, minmay_misc_feat_rows, uniq_duvessa
D:8:      layout_loops_ring, mainiacjoe_overflow_alcove_4, serial_shops, shop
D:9:      dragon1_lemuel, layout_basic, nicolae_sif_muna_little_library,
          lemuel_round_altar
D:10:     layout_irregular_city, mainiacjoe_overflow_paths,
          due_lair_maze_entry_diamond, gammafunk_ghost_ooze,
          kennysheep_island_fort, uniq_psyche, uniq_erolcha, uniq_nergalle

Skill      XL: |  1  2  3  4  5  6  7  8  9 10 11 |
---------------+----------------------------------+-----
Fighting       | 4 5 6 7 8 11 13 15 | 15.9
Axes           | 4 5 6 7 8 10 | 10.0
Armour         | 4 6 7 |  7.0
Evocations     | 2 3 |  3.2
Dodging        | |  2.1

Action                   |  1- 3 |  4- 6 |  7- 9 | 10-12 || total
-------------------------+-------+-------+-------+-------++-------
Melee: Hand axe          |    79 |   124 |   153 |       ||   356
       Headbutt          |    14 |    16 |    54 |    18 ||   102
       War axe           |       |       |   147 |    91 ||   238
Throw: Stone             |    16 |    25 |    57 |    14 ||   112
Invok: Berserk           |     1 |     4 |    11 |     7 ||    23
       Trog's Hand       |     1 |     4 |     5 |     5 ||    15
       Brothers in Arms  |       |       |       |     1 ||     1
Evoke: Wand              |       |       |       |    10 ||    10
       Phial of floods   |       |       |       |     1 ||     1
  Use: Scroll            |       |       |    10 |     5 ||    15
Armor: Animal skin       |     1 |       |       |       ||     1
       Scale mail        |    30 |    61 |   115 |    48 ||   254
Dodge: Dodged            |    39 |    59 |   161 |    37 ||   296
